Map: [ESL] Goldenaura

Players

Nanami

  • Race: Protoss Protoss
  • Spawn Location: 5:00

Nice - Winner!

  • Race: Protoss Protoss
  • Spawn Location: 12:00

Event: ESL SC2 Masters 2024 Spring (Regional)

VOD

Have the link to the VOD?

Description

Time

  • Played on: April 25, 2024, 8:42 a.m.
  • Length: 10:07

All games in this series

Show
View Real Time Build Order
Export as new Build Order

Nanami Protoss 

Build Orders: Phoenix Opening, Blink Stalkers 

Get SALT Encoding   

  12  0:00  Probe  
  13  0:12  Probe  
  14  0:17  Pylon  
  14  0:24  Probe (Chrono Boost)  
  15  0:36  Probe (Chrono Boost)  
  15  0:37  Gateway  
  16  0:44  Probe (Chrono Boost)  
  16  0:46  Assimilator  
  17  0:51  Probe  
  17  0:54  Assimilator  
  18  1:03  Probe (Chrono Boost)  
  19  1:08  Gateway  
  19  1:13  Probe (Chrono Boost)  
  19  1:18  Probe (Chrono Boost)  
  20  1:24  Cybernetics Core  
  21  1:29  Probe  
  22  1:36  Pylon  
  22  1:41  Probe  
  23  1:54  Probe  
  24  2:02  Warp Gate  
  28  2:12  Nexus  
  28  2:14  Sentry  
  26  2:21  Sentry  
  28  2:25  Pylon  
  28  2:28  Probe  
  28  2:41  Probe  
  31  2:47  Phoenix  
  31  2:49  Twilight Council  
  31  2:53  Probe  
  31  2:56  Stalker  
  32  3:03  Stalker  
  32  3:05  Probe  
  35  3:09  Shield Battery  
  35  3:17  Probe  
  36  3:20  Blink (Chrono Boost)  
  36  3:24  Probe  
  37  3:29  Probe  
  38  3:37  Probe  
  39  3:41  Probe  
  40  3:49  Probe  
  40  3:51  Stalker x2  
  40  3:53  Probe  
  47  4:05  Probe  
  47  4:06  Shield Battery  
  47  4:09  Pylon  
  46  4:18  Stalker x2  
  46  4:21  Robotics Facility  
  46  4:23  Probe x2  
  51  4:25  Phoenix  
  51  4:35  Probe x2  
  53  4:43  Stalker x2  
  57  4:47  Probe  
  57  4:52  Charge (Chrono Boost)  
  58  4:55  Nexus  
  58  5:02  Pylon  
  58  5:04  Observer (Chrono Boost)  
  59  5:14  Gateway x2  
  53  5:34  Stalker x2  
  53  5:36  Gateway  
  53  5:38  Gateway  
  53  5:41  Gateway  
  53  5:42  Gateway  
  51  5:48  Warp Prism (Chrono Boost)  
  53  5:54  Observer  
  53  5:57  Sentry, Stalker  
  53  6:00  Pylon  
  57  6:05  Pylon  
  57  6:09  Stalker  
  59  6:12  Stalker  
  61  6:18  Pylon  
  61  6:22  Stalker  
  61  6:25  Zealot  
  65  6:31  Zealot, Observer  
  67  6:32  Zealot  
  67  6:34  Zealot  
  71  6:44  Stalker x2  
  71  6:46  Zealot x2  
  79  6:47  Zealot  
  80  6:58  Zealot x3  
  80  7:07  Zealot  
  80  7:08  Zealot x2  
  82  7:12  Zealot  
  80  7:20  Zealot x3  
  80  7:26  Zealot  
  70  7:30  Zealot x2  
  70  7:36  Stalker  
  70  7:37  Zealot  
  62  7:44  Stalker  
  62  7:45  Zealot  
  64  7:54  Stalker x2  
  64  7:55  Zealot  
  54  8:07  Zealot x3  
  54  8:14  Probe x2 (Chrono Boost)  
  54  8:17  Stalker x2  
  54  8:19  Probe (Chrono Boost)  
  61  8:25  Zealot  
  61  8:26  Probe (Chrono Boost)  
  64  8:27  Zealot  
  64  8:31  Zealot  
  68  8:35  Zealot  
  68  8:40  Zealot  
  72  8:42  Zealot  
  72  8:47  Zealot  
  76  8:48  Zealot  
  76  8:53  Templar Archives  
  76  8:54  Observer (Chrono Boost)  
  78  9:00  Zealot x2  
  78  9:02  Zealot  
  85  9:05  Zealot  
  85  9:08  Zealot  
  89  9:11  Zealot  
  89  9:14  Probe x2  
  94  9:18  Zealot  
  94  9:23  Zealot  
  88  9:25  Warp Prism (Chrono Boost)  
  88  9:29  High Templar  
  88  9:30  High Templar  
  93  9:34  Zealot, Archon  
  93  9:36  Zealot  
  97  9:39  Zealot  
  99  9:47  Zealot x3  
  105  9:56  Zealot x2  
  93  10:00  Zealot  
Show
View Real Time Build Order
Export as new Build Order

Nice Protoss - Winner!

Build Orders: Blink Stalkers 

Get SALT Encoding   

  12  0:00  Probe  
  13  0:12  Probe  
  14  0:17  Pylon  
  14  0:24  Probe (Chrono Boost)  
  16  0:36  Probe (Chrono Boost)  
  16  0:37  Gateway  
  16  0:41  Probe (Chrono Boost)  
  16  0:46  Assimilator  
  17  0:51  Assimilator  
  17  0:55  Probe (Chrono Boost)  
  18  1:04  Gateway  
  18  1:08  Probe (Chrono Boost)  
  19  1:15  Probe (Chrono Boost)  
  20  1:22  Probe  
  21  1:25  Cybernetics Core  
  21  1:34  Probe  
  21  1:36  Pylon  
  22  1:46  Probe  
  23  1:59  Probe  
  23  2:00  Warp Gate (Chrono Boost)  
  24  2:02  Sentry, Stalker  
  28  2:11  Probe  
  28  2:13  Pylon  
  29  2:23  Probe  
  30  2:38  Nexus  
  30  2:43  Sentry  
  32  2:49  Pylon  
  32  2:55  Probe  
  33  3:07  Probe (Chrono Boost)  
  33  3:09  Twilight Council  
  34  3:19  Probe (Chrono Boost)  
  35  3:25  Probe (Chrono Boost)  
  36  3:34  Probe  
  37  3:45  Blink (Chrono Boost), Adept x2  
  37  3:46  Probe  
  42  3:50  Probe  
  43  3:58  Probe  
  43  4:02  Probe  
  45  4:06  Sentry, Stalker  
  49  4:10  Probe  
  49  4:14  Probe  
  51  4:21  Robotics Facility  
  51  4:22  Probe  
  48  4:26  Probe  
  48  4:27  Pylon  
  48  4:29  Stalker x2  
  53  4:34  Probe  
  53  4:38  Probe  
  55  4:39  Pylon  
  55  4:46  Probe  
  55  4:47  Nexus  
  56  4:53  Stalker  
  56  4:56  Stalker  
  56  4:58  Probe  
  61  5:00  Probe  
  61  5:06  Observer  
  62  5:07  Shield Battery  
  62  5:10  Probe  
  64  5:16  Probe  
  64  5:19  Stalker  
  64  5:20  Stalker  
  67  5:23  Probe  
  67  5:28  Probe  
  62  5:35  Probe  
  62  5:37  Charge (Chrono Boost)  
  62  5:40  Probe  
  62  5:42  Forge  
  64  5:46  Observer  
  64  5:47  Gateway x2  
  64  5:48  Probe, Gateway  
  66  5:51  Gateway  
  66  5:54  Gateway  
  66  5:56  Probe  
  67  6:00  Gateway  
  67  6:03  Probe x2  
  69  6:08  Zealot, Sentry, Warp Prism, Probe  
  74  6:15  Protoss Ground Weapons Level 1 (Chrono Boost), Probe  
  74  6:16  Pylon  
  77  6:26  Probe  
  77  6:31  Stalker  
  77  6:32  Zealot  
  82  6:38  Nexus  
  82  6:45  Zealot x2, Stalker  
  88  6:48  Pylon  
  84  6:57  Zealot x5  
  84  7:04  Shield Battery  
  84  7:07  Shield Battery  
  82  7:10  Zealot x3  
  82  7:18  Stalker x3  
  82  7:19  Zealot  
  82  7:28  Zealot, Immortal  
  82  7:30  Zealot  
  82  7:32  Shield Battery  
  82  7:33  Pylon  
  82  7:35  Zealot  
  73  7:46  Zealot x4  
  71  7:53  Zealot x3  
  75  7:59  Warp Prism  
  75  8:02  Zealot  
  75  8:03  Probe x2  
  80  8:16  Probe x2  
  80  8:17  Probe  
  80  8:18  Observer  
  82  8:25  Stalker x3  
  88  8:29  Zealot x2  
  92  8:34  Zealot x2  
  92  8:37  Stalker  
  98  8:43  Photon Cannon  
  98  8:44  Pylon  
  98  8:48  Photon Cannon  
  98  8:51  Stalker  
  98  8:52  Zealot  
  102  8:59  Photon Cannon  
  102  9:02  Zealot, Sentry  
  106  9:05  Pylon  
  106  9:10  Photon Cannon  
  106  9:12  Pylon  
  106  9:13  Shield Battery  
  106  9:15  Stalker  
  108  9:17  Zealot  
  108  9:18  Observer  
  110  9:26  Zealot, Stalker  
  110  9:27  Zealot  
  110  9:28  Zealot  
  118  9:33  Zealot, Stalker  
  121  9:46  Stalker x2  
  125  9:55  Zealot x3  
  125  10:03  Zealot x3  
  115  10:06  Pylon  
Tags
 
Add a new tag
Caveats
  • Supply blocks, unpowered buildings, or Contaminate may cause inaccurate times.
  • Supply counts are checked every 10 seconds.